 Dungeon Crawl Stone Soup version 0.31-a0-162-gc4c5a43528 (webtiles) character file.

Game seed: 405625561148623931

130 qw the Shooter (level 5, -6/49 HPs)
             Began as a Naga Hunter on June 12, 2023.
             Was an Initiate of Okawaru.
             Mangled by Grinder (8 damage)
             ... on level 3 of the Dungeon.
             The game lasted 00:00:46 (1457 turns).

qw the Shooter (Naga Hunter)                        Turns: 1457, Time: 00:00:47

Health: -6/49      AC:  3    Str: 14    XL:     5   Next: 14%
Magic:  5/5        EV: 10    Int:  9    God:    Okawaru [......]
Gold:   72         SH:  0    Dex: 16    Spells: 4/4 levels left

rFire   . . .        g - +0 shortbow (heavy)
rCold   . . .        (shield currently unavailable)
rNeg    . . .        e - +0 robe {Will+}
rPois   +            (no helmet)
rElec   .            d - +0 cloak
rCorr   .            (no gloves)
SInv    +            (no barding)
Will    +....        (no amulet)
Stlth   ++           (no ring)
HPRegen 0.28/turn    (no ring)
MPRegen 0.09/turn

%: no passive effects
@: about to teleport, very slow
A: AC +1, large, see invisible, deformed body, poison resistance, slowness 2,
spit poison 1, naga tail 1
a: Spit Poison, Renounce Religion


You were on level 3 of the Dungeon.
You worshipped Okawaru.
Okawaru was noncommittal.
You visited 1 branch of the dungeon, and saw 3 of its levels.

You collected 72 gold pieces.


Innate Abilities, Weirdness & Mutations

Your serpentine skin is tough. (AC +1)
You have supernaturally acute eyesight. (SInv)
Armour fits poorly on your strangely shaped body.
Your system is resistant to poisons. (rPois)
You cover ground very slowly.
You can spit poison.
You have a snake-like lower body.


   Skills:
 - Level 3.0 Fighting
 + Level 5.3 Ranged Weapons
 - Level 1.5 Dodging
 - Level 1.5 Stealth


You had 4 spell levels left.
You didn't know any spells.
Your spell library was empty.

Inventory:

Hand Weapons
 g - a +0 heavy shortbow (weapon)
Armour
 c - a +0 leather armour
 d - a +0 cloak (worn)
 e - a +0 robe of willpower (worn)
Scrolls
 a - a scroll of teleportation
 j - a scroll of noise {unknown}
 k - a scroll of vulnerability {unknown}
Potions
 b - a potion of lignification {unknown}
 f - 2 potions of curing
 h - a potion of might {unknown}
 i - a potion of resistance {unknown}

Dungeon Overview and Level Annotations

Branches:
Dungeon (3/15)

Altars:
Okawaru

Annotations:
D:3 Grinder, Natasha


Message History

You kill the giant cockroach!
Okawaru accepts your kill.
You have got your breath back.
k - a scroll labelled FUSEOF FAFROEM
Enter note:
Enter note:
Enter note:
Enter note: You open the door.
Grinder comes into view.
Grinder shouts!
Found a yellow potion.
Found a stone staircase leading down.
Enter note:
Enter note:
Enter note:
Enter note: You shoot an arrow.
The arrow barely misses Grinder.
You shoot an arrow. The arrow hits Grinder!
Grinder is moderately wounded.
Grinder gestures at you.
You easily resist.
You shoot an arrow. The arrow barely misses Grinder.
Grinder hits you but does no damage. Grinder hits you.
You writhe in agony.
You shoot an arrow.
The arrow hits Grinder but does no damage.
Grinder is moderately wounded.
Grinder hits you!
You writhe in agony.
You shoot an arrow. The arrow hits Grinder!
Grinder is heavily wounded.
Grinder hits you.
You writhe in agony.
Grinder hits you but does no damage.
You shoot an arrow. The arrow hits Grinder.
Grinder is severely wounded.
Grinder hits you!
You writhe in agony.
Grinder hits you.
You writhe in agony.
You shoot an arrow. The arrow completely misses Grinder.
Grinder hits you.
You writhe in agony.
Grinder hits you.
You writhe in agony.
1457 ||| READING 2 scrolls of teleportation.
As you read the scroll of teleportation, it crumbles to dust.
You feel strangely unstable. Grinder hits you!
You die...

#### ...#
#.......#
...#
#.......#
...####
#.......#
...'...
...>...
...####
.!...
....########
...
....'......#
#5#
....######.#
#@# ....#
#.# #.#
....# #.#
#.# ....#
#.# #.#
....#
#.#####.#
#+###
#....##.# #
#....##.# #
#....##.#
#+###
#.#####.#


You could see Grinder.

Vanquished Creatures
  Terence (D:2)
  2 adders (D:3)
  A worm (D:2)
  4 dart slugs
  4 orcs (D:3)
  6 bats
  10 endoplasms
  3 giant cockroaches
  8 goblins
  4 hobgoblins
  2 jackals (D:3)
  7 kobolds
  4 quokkas
  3 ball pythons
  A frilled lizard (D:1)
  6 rats
66 creatures vanquished.

Notes
Turn   | Place    | Note
-------+----------+-------------------------------------------
     0 | D:1      | qw the Naga Hunter began the quest for the Orb.
     0 | D:1      | Reached XP level 1. HP: 19/19 MP: 1/1
     0 | D:1      | 0 ||| qw: Version: 0.2-a-29-gc1b59c4
     0 | D:1      | 0 ||| qw: Game counter: 4340
     0 | D:1      | 0 ||| qw: Always use a shield: true
     0 | D:1      | 0 ||| qw: God list: Okawaru
     0 | D:1      | 0 ||| qw: Allow faded altars: false
     0 | D:1      | 0 ||| qw: Do Orc after D:15 true
     0 | D:1      | 0 ||| qw: Do second Lair branch before Depths: true
     0 | D:1      | 0 ||| qw: Lair rune preference: random
     0 | D:1      | 0 ||| qw: Plans: Normal
     0 | D:1      | 0 ||| PLANNING D:1-11
    27 | D:1      | 27 ||| INVOKING Spit Poison.
    31 | D:1      | 31 ||| INVOKING Spit Poison.
    36 | D:1      | 36 ||| INVOKING Spit Poison.
    42 | D:1      | 42 ||| INVOKING Spit Poison.
    43 | D:1      | Reached skill level 4 in Ranged Weapons
    43 | D:1      | Reached XP level 2. HP: 23/26 MP: 2/2
    45 | D:1      | 45 ||| INVOKING Spit Poison.
    46 | D:1      | 46 ||| INVOKING Spit Poison.
    75 | D:1      | 75 ||| INVOKING Spit Poison.
    80 | D:1      | 80 ||| INVOKING Spit Poison.
    83 | D:1      | 83 ||| INVOKING Spit Poison.
   141 | D:1      | 141 ||| INVOKING Spit Poison.
   159 | D:1      | 159 ||| FLEEEEING.
   160 | D:1      | 160 ||| FLEEEEING.
   161 | D:1      | 161 ||| FLEEEEING.
   162 | D:1      | 162 ||| FLEEEEING.
   163 | D:1      | 163 ||| FLEEEEING.
   170 | D:1      | 170 ||| INVOKING Spit Poison.
   194 | D:1      | 194 ||| INVOKING Spit Poison.
   200 | D:1      | 200 ||| INVOKING Spit Poison.
   228 | D:1      | 228 ||| INVOKING Spit Poison.
   242 | D:1      | 242 ||| INVOKING Spit Poison.
   282 | D:1      | Reached XP level 3. HP: 32/32 MP: 3/3
   294 | D:1      | 294 ||| INVOKING Spit Poison.
   301 | D:1      | 301 ||| INVOKING Spit Poison.
   428 | D:1      | 428 ||| INVOKING Spit Poison.
   523 | D:1      | 523 ||| UPGRADING to +0 robe of willpower.
   533 | D:1      | 533 ||| READING scroll labelled PYREM ITAV.
   634 | D:1      | 634 ||| READING scroll labelled EWKALA RIDUPPO.
   635 | D:1      | 635 ||| READING scroll labelled NASCHAPLETUA.
   636 | D:1      | 636 ||| READING scroll labelled SOUT REMELUEGH.
   637 | D:1      | 637 ||| READING scroll labelled DOSKU CAPHORU.
   638 | D:1      | 638 ||| DROPPING scroll of butterflies.
   691 | D:2      | Found an iron altar of Okawaru.
   692 | D:2      | 692 ||| PLANNING OKAWARU WORSHIP
   694 | D:2      | 694 ||| INVOKING Spit Poison.
   695 | D:2      | 695 ||| PLANNING D:1-11
   721 | D:2      | 721 ||| INVOKING Spit Poison.
   725 | D:2      | 725 ||| INVOKING Spit Poison.
   749 | D:2      | 749 ||| INVOKING Spit Poison.
   762 | D:2      | 762 ||| INVOKING Spit Poison.
   765 | D:2      | 765 ||| INVOKING Spit Poison.
   770 | D:2      | 770 ||| INVOKING Spit Poison.
   788 | D:2      | 788 ||| INVOKING Spit Poison.
   798 | D:2      | 798 ||| PLANNING OKAWARU WORSHIP
   798 | D:2      | 798 ||| UPGRADING to +0 cloak.
   803 | D:2      | 803 ||| READING scroll labelled FUS QIXINTOONOM.
   804 | D:2      | 804 ||| DRINKING 2 viscous black potions.
   805 | D:2      | 805 ||| DROPPING potion of enlightenment.
   811 | D:2      | Became a worshipper of Warmaster Okawaru
   811 | D:2      | 811 ||| PLANNING D:1-11
   830 | D:2      | Noticed Terence
   831 | D:2      | 831 ||| INVOKING Spit Poison.
   834 | D:2      | Killed Terence
   835 | D:2      | Reached skill level 5 in Ranged Weapons
   835 | D:2      | Reached XP level 4. HP: 33/39 MP: 4/4
   838 | D:2      | 838 ||| INVOKING Spit Poison.
   865 | D:2      | 865 ||| INVOKING Spit Poison.
   959 | D:2      | 959 ||| INVOKING Spit Poison.
  1021 | D:2      | 1021 ||| INVOKING Spit Poison.
  1125 | D:2      | 1125 ||| READING scroll labelled JARYIS AWAENG.
  1128 | D:2      | 1128 ||| DRINKING 2 puce potions.
  1178 | D:3      | 1178 ||| INVOKING Spit Poison.
  1203 | D:3      | 1203 ||| INVOKING Spit Poison.
  1221 | D:3      | 1221 ||| INVOKING Spit Poison.
  1251 | D:3      | 1251 ||| Stepping ~*~*~tactically~*~*~ (outnumbered).
  1252 | D:3      | 1252 ||| INVOKING Spit Poison.
  1275 | D:3      | 1275 ||| Stepping ~*~*~tactically~*~*~ (outnumbered).
  1277 | D:3      | 1277 ||| Stepping ~*~*~tactically~*~*~ (outnumbered).
  1278 | D:3      | 1278 ||| INVOKING Spit Poison.
  1279 | D:3      | Noticed Natasha
  1281 | D:3      | Reached skill level 3 in Fighting
  1281 | D:3      | Reached XP level 5. HP: 49/49 MP: 5/5
  1307 | D:3      | 1307 ||| INVOKING Spit Poison.
  1345 | D:3      | 1345 ||| INVOKING Spit Poison.
  1356 | D:3      | 1356 ||| INVOKING Spit Poison.
  1387 | D:3      | 1387 ||| INVOKING Spit Poison.
  1427 | D:3      | 1427 ||| INVOKING Spit Poison.
  1449 | D:3      | Noticed Grinder
  1456 | D:3      | HP: 7/49 [Grinder (6)]
  1456 | D:3      | HP: 2/49 [Grinder (5)]
  1457 | D:3      | 1457 ||| READING 2 scrolls of teleportation.
  1457 | D:3      | Mangled by Grinder

Levels and vault maps discovered:
D:1:      mushboom_english_gardens, layout_rooms
D:2:      layout_basic, basic_altar, chequers_mini_garden, interstate_on_off,
          uniq_terence
D:3:      layout_basic, uniq_grinder, uniq_natasha

Skill      XL: |  1  2  3  4 |
---------------+-------------+-----
Ranged Weapons | 4 5 |  5.3
Fighting       | 3 |  3.0
Dodging        | |  1.5
Stealth        | |  1.5

Action                     |  1- 3 |  4- 6 || total
---------------------------+-------+-------++-------
   Fire: Shortbow          |    75 |    35 ||   110
Ability: Spit Poison       |    26 |    14 ||    40
    Use: Scroll            |     6 |     2 ||     8
         Potion            |     1 |     1 ||     2
 Armour: Leather armour    |    10 |       ||    10
         Robe              |       |     5 ||     5
  Dodge: Dodged            |    14 |     4 ||    18

Table legend:
 A = Non-vault XP
 B = Vault XP
 C = Vault XP percentage of total XP
 D = Non-vault monster count
 E = Vault monster count
 F = Vault count percentage of total count
                 A         B        C        D         E       F
            +---------+---------+-------+---------+---------+-------
      Total |     151 |      36 |  19.3 |      65 |       1 |   1.5
            +---------+---------+-------+---------+---------+-------
        D:1 |      50 |       0 |   0.0 |      27 |       0 |   0.0
        D:2 |      39 |      36 |  48.0 |      21 |       1 |   4.5
        D:3 |      62 |       0 |   0.0 |      17 |       0 |   0.0
            +---------+---------+-------+---------+---------+-------
